 Dungeon Crawl Stone Soup version 0.29.1 (webtiles) character file.

Game seed: 14532885766175051322

53 greasedhog the Trooper (level 3, 0/24 HPs)
             Began as a Gargoyle Abyssal Knight on Sept 13, 2022.
             Was a Priest of Lugonu.
             Slain by a gnoll bouda
             ... wielding a +0 club
              (3 damage)
             ... on level 2 of the Dungeon.
             The game lasted 00:02:24 (1522 turns).

greasedhog the Trooper (Gargoyle Abyssal Knight)    Turns: 1522, Time: 00:02:25

Health: 0/24       AC:  8    Str: 18    XL:     3   Next: 87%
Magic:  4/4        EV: 11    Int: 10    God:    Lugonu [***...]
Gold:   85         SH:  0    Dex: 10    Spells: 2/2 levels left

rFire   . . .      SeeInvis .   a - +1 mace
rCold   . . .      Faith    .   j - orb {light}
rNeg    + . .      Spirit   .   b - +0 leather armour
rPois   ∞          Reflect  .   (no helmet)
rElec   +          Harm     .   (no cloak)
rCorr   .          Rampage  .   (no gloves)
Will    .....                   g - +1 pair of boots
Stlth   +.........              (no amulet)
HPRegen 0.08/turn               (no ring)
MPRegen 0.09/turn               (no ring)

@: mighty, weakened, glowing
A: sickness immunity, AC +3, negative energy resistance 1, electricity
resistance, torment resistance 1, petrification resistance
a: Renounce Religion, Depart the Abyss, Bend Space, Banish


You were on level 2 of the Dungeon.
You worshipped Lugonu.
Lugonu was most pleased with you.
You visited 1 branch of the dungeon, and saw 2 of its levels.
You visited the Abyss 1 time.

You collected 85 gold pieces.

Inventory:

Hand Weapons
 a - a +1 mace (weapon)
Armour
 b - a +0 leather armour (worn)
 g - a +1 pair of boots (worn)
 j - an orb of light (worn)
Jewellery
 f - a ring of fire
Scrolls
 d - a scroll of immolation
 e - 4 scrolls of identify
 h - a scroll of amnesia
Potions
 c - a potion of degeneration {unknown}
 i - a potion of might
 k - a potion of heal wounds {unknown}
 l - a potion of invisibility {unknown}
 m - a potion of cancellation {unknown}


   Skills:
 * Level 4.1 Fighting
 * Level 3.0 Maces & Flails
 - Level 2.1 Armour
 - Level 0.7 Dodging
 + Level 2.6 Invocations


You had 2 spell levels left.
You didn't know any spells.
Your spell library contained the following spells:

 Spells                   Type           Power      Damage    Failure   Level
 Sandblast                Erth           0%         2d4       41%         1
 Passwall                 Tmut/Erth      0%         N/A       56%         2
 Stone Arrow              Conj/Erth      0%         3d7       80%         3
 Iskenderun's Battlesphe  Conj           0%         2d6       100%        5
 Iron Shot                Conj/Erth      0%         9d1       100%        6
 Spellforged Servitor     Conj/Summ      0%         N/A       100%        7


Dungeon Overview and Level Annotations

Branches:
Dungeon (2/15)

Altars:


Innate Abilities, Weirdness & Mutations

You are immune to sickness and miasma.
Your stone body is resilient. (AC +3)
You are immune to poison.
You resist negative energy. (rN+)
You are resistant to electric shocks. (rElec)
You are resistant to unholy torment.
You are immune to petrification.


Message History

The gnoll bouda gazes fiercely through you!
You feel your attacks grow feeble.
The gnoll splashes around in the water.
You hit the gnoll.
The gnoll is heavily wounded.
The gnoll hits you but does no damage. The gnoll barely misses you.
You hit the gnoll but do no damage.
The gnoll is heavily wounded.
The gnoll closely misses you. The gnoll barely misses you.
The gnoll hits you with a +0 halberd!
The gnoll bouda barks out a call to the hunt!
The gnoll picks up the pace!
The gnoll closely misses you.
The gnoll bouda attacks as you move away!
The gnoll bouda barely misses you. The gnoll closely misses you.
The giant cockroach bites the plant.
The plant begins to die.
The gnoll misses you.
The gnoll hits you from afar with a +0 halberd!
* * * LOW HITPOINT WARNING * * *
Your attacks no longer feel as feeble.
Okay, then.
It was a potion of might.
You feel very mighty all of a sudden. The gnoll barely misses you.
You hit the gnoll bouda.
The gnoll bouda is moderately wounded.
The gnoll hits you from afar with a +0 halberd.
* * * LOW HITPOINT WARNING * * *
The gnoll bouda completely misses you. The gnoll misses you.
The gnoll completely misses you.
The gnoll is no longer moving quickly.
The gnoll bouda gazes fiercely through you!
You feel your attacks grow feeble.
You hit the gnoll bouda.
The gnoll bouda is heavily wounded.
The gnoll is no longer moving quickly.
The gnoll bouda barks out a call to the hunt!
The gnolls pick up the pace!
The gnoll bouda hits you with a +0 club.
You die...

# ##...#..# ########.
###....... .........
......... ..######
#.....######.# #.#
####...........# #.#
#...ggB.B..# #.#
###♣♣#.###g##.~P~.# #.#
##P.....# #g##PP~P~..#
#.####.....#.###@##♣.~~...#
#..##PP.♣..♣.##...###.###.#
##>#♣.)~~~.............. #
#....(~~~~.............
#...♣~~~♣.P...#.####.###
#.#♣~♣~~~♣....#.# #
#.#♣.~~♣~...###.#
##.#.♣~♣...P.###.#
.....P.♣P..#.....####


You could see a gnoll bouda, 3 gnolls and a giant cockroach.

Vanquished Creatures
  A gnoll (D:1)
  A dart slug (D:1)
  3 bats
  4 endoplasms (D:1)
  5 goblins (D:1)
  9 hobgoblins
  2 jackals (D:1)
  2 quokkas (D:1)
  2 ball pythons (D:1)
  5 kobolds
  A rat (D:1)
35 creatures vanquished.

Vanquished Creatures (others)
  A plant (D:2)
1 creature vanquished.

Grand Total: 36 creatures vanquished

Notes
Turn   | Place    | Note
-------+----------+-------------------------------------------
     0 | Abyss:1  | greasedhog the Gargoyle Abyssal Knight began the quest for
                  | the Orb.
     0 | Abyss:1  | Reached XP level 1. HP: 14/14 MP: 2/2
    28 | Abyss:1  | Found a corrupted altar of Lugonu.
    51 | D:1      | Escaped the Abyss
   319 | D:1      | Reached XP level 2. HP: 19/19 MP: 3/3
   586 | D:1      | Reached XP level 3. HP: 5/24 MP: 4/4
   876 | D:1      | Reached skill level 4 in Fighting
  1439 | D:2      | Reached *** piety under Lugonu
  1522 | D:2      | Slain by a gnoll bouda

Illustrated notes

Levels and vault maps discovered:
D:1:      enne_arrival_octagon_isle, layout_basic, kennysheep_crisscross,
          minmay_heptomino_l4
D:2:      layout_loops_ring, serial_bayou, serial_bayou_pond_d,
          serial_bayou_pond_e, serial_bayou_pond_d, serial_bayou_pond_a

Skill      XL: |  1  2  3 |
---------------+----------+-----
Fighting       | 4 |  4.1
Maces & Flails | 3 |  3.0
Armour         | |  2.1
Dodging        | |  0.7
Invocations    | |  2.6

Action                   || total
-------------------------++-------
Melee: Mace              ||   112
  Use: Scroll            ||     2
       Potion            ||     1
Armor: Leather armour    ||    51
Dodge: Dodged            ||    85
